 Dungeon Sprint DCSS version 0.26.1-11-gd32895ea62 (webtiles) character file.

Game seed: 3123514628885190164

10 Zeld the Digger (level 2, 0/15 HPs)
             Began as a Gargoyle Earth Elementalist on Sept 9, 2021.
             Killed from afar by an oklob sapling (15 damage)
             ... with a splash of acid
             ... in the Dungeon (Sprint IV: "Fedhas' Mad Dash").
             The game lasted 00:00:30 (242 turns).

Zeld the Digger (Gargoyle Earth Elementalist)        Turns: 242, Time: 00:00:31

Health: 0/15       AC:  4    Str: 11    XL:     2   Next: 20%
Magic:  4/5        EV: 12    Int: 15    God:
Gold:   9          SH:  0    Dex: 10    Spells: 3/6 levels left

rFire    . . .     SeeInvis .   (no weapon)
rCold    . . .     Faith    .   (no shield)
rNeg     + . .     Spirit   .   c - +0 robe
rPois    ∞         Reflect  .   (no helmet)
rElec    +         Harm     .   (no cloak)
rCorr    .         Rampage  .   (no gloves)
Will     .....     NoTele   +   (no boots)
Stlth    ++........             (no amulet)
HPRegen  0.05/turn              (no ring)
MPRegen  0.09/turn              (no ring)

@: no status effects
A: negative energy resistance 1, electricity resistance, unbreathing,
petrification resistance, miasma immunity, AC +2
a: no special abilities


You were in the Dungeon.
You visited 1 branch You collected 9 gold pieces.

Inventory:

Missiles
 b - 26 stones (quivered)
Armour
 c - a +0 robe (worn)
Scrolls
 i - a scroll of blinking
Potions
 d - a potion of curing
 e - a potion of heal wounds
 f - a potion of haste
 g - 2 potions of magic


   Skills:
 * Level 1.2 Armour
 + Level 1.8 Dodging
 + Level 2.4 Stealth
 * Level 2.6 Spellcasting
 + Level 0.7 Transmutations
 * Level 5.2 Earth Magic


You had 3 spell levels left.
You knew the following spells:

 Your Spells              Type           Power        Failure   Level
a - Sandblast             Erth           34%          2%          1
b - Passwall              Tmut/Erth      8%           10%         2

Your spell library contained the following spells:

 Spells                   Type           Power        Failure   Level
 Stone Arrow              Conj/Erth      18%          22%         3
 Petrify                  Tmut/Erth      10%          52%         4
 Lee's Rapid Deconstruct  Erth           8%           54%         5


Dungeon Overview and Level Annotations

Branches:
Dungeon (1/1)

Altars:

Annotations:
D exclusion: oklob sapling


Innate Abilities, Weirdness & Mutations

You are resistant to torment.
Your stone body is resilient. (AC +2)
You are immune to poison.
You resist negative energy. (rN+)
You are resistant to electric shocks. (rElec)
You can survive without breathing.
You are immune to petrification.
You are immune to miasma.


Message History

You start memorising the spell.
You continue memorising. x2
You finish memorising.
Spell assigned to 'b'.
You start waiting.
Done waiting.
You open the door.
An oklob sapling comes into view.
Marking area around an oklob sapling as unsafe for travelling.
Found 38 gold pieces.
Casting: Sandblast (safe; 2% risk of failure)
Confirm with . or Enter, or press ? or * to list all spells.
Aiming: Sandblast (safe; 2% risk of failure)
Press: ? - help, Shift-Dir - straight line, f - oklob sapling
Aim: an oklob sapling (dormant, 0% to evade)
The blast of sand hits the oklob sapling.
The oklob sapling is moderately damaged.
b - 26 stones The oklob sapling spits acid at you.
The splash of acid hits you!
Ouch! That really hurt!
You die...

############ #####
#<...#.....#.$$$$#
#P...'....@'.#
#PPPP#.÷...#P#
############ #


You could see an oklob sapling.

Vanquished Creatures
  A river rat (D)
  A rat (D)
2 creatures vanquished.

Vanquished Creatures (others)
  2 fungi (D)
2 creatures vanquished.

Grand Total: 4 creatures vanquished

Notes
Turn   | Place    | Note
-------+----------+-------------------------------------------
     0 | D        | Zeld the Gargoyle Earth Elementalist began the quest for
                  | the Orb.
     0 | D        | Reached XP level 1. HP: 10/10 MP: 3/3
    16 | D        | Reached skill level 1 in Armour
    16 | D        | Reached skill level 5 in Earth Magic
    16 | D        | Reached XP level 2. HP: 12/15 MP: 0/5
   139 | D        | Learned a level 2 spell: Passwall
   241 | D        | Noticed an oklob sapling
   242 | D        | Killed from afar by an oklob sapling

Illustrated notes

Levels and vault maps discovered:
D:        dungeon_sprint_fedhas [sprint_temple]

Skill      XL: |  1 |
---------------+----+-----
Armour         | 1 |  1.2
Earth Magic    | 5 |  5.2
Dodging        | |  1.8
Stealth        | |  2.4
Spellcasting   | |  2.6
Transmutations | |  0.7

Action                   || total
-------------------------++-------
Melee: Unarmed           ||     6
 Cast: Sandblast         ||     4
  Use: Potion            ||     1
Armor: Robe              ||     3
